 Dungeon Crawl Stone Soup version 0.30-a0-672-gc3a7216ad8 (webtiles) character file.

Game seed: 749425535966692086

36 testman the Poker (level 3, -1/28 HPs)
             Began as a Demonspawn Wanderer on Jan 18, 2023.
             Slain by an iguana (5 damage)
             ... on level 2 of the Dungeon.
             The game lasted 00:03:12 (793 turns).

testman the Poker (Demonspawn Wanderer)              Turns: 793, Time: 00:03:13

Health: -1/28      AC:  2    Str: 12    XL:     3   Next: 19%
Magic:  3/5        EV: 11    Int: 15    God:
Gold:   32         SH:  0    Dex: 14    Spells: 4/5 levels left

rFire   . . .      SeeInvis .    a - +2 spear
rCold   . . .      Faith    .    (no shield)
rNeg    . . .      Spirit   .    e - +0 robe
rPois   .          Reflect  .    (no helmet)
rElec   .          Harm     .    (no cloak)
rCorr   .          Rampage  .    (no gloves)
Will    +....                    (no boots)
Stlth   ++                       (no amulet)
HPRegen 0.24/turn                g - ring of willpower
MPRegen 0.09/turn                (no ring)

@: no status effects
A: hooves 1, thin skeletal structure 1
a: no special abilities


You were on level 2 of the Dungeon.
You visited 1 branch of the dungeon, and saw 2 of its levels.

You collected 32 gold pieces.

Inventory:

Hand Weapons
 a - a +2 spear (weapon)
 c - a +0 dagger
Missiles
 b - 9 boomerangs (quivered)
Armour
 e - a +0 robe (worn)
Jewellery
 g - a ring of willpower (left hand)
Scrolls
 d - 2 scrolls of silence
 f - a scroll of teleportation {unknown}
 h - a scroll of fog {unknown}
 i - a scroll of identify {unknown}
 j - a scroll of fear {unknown}


   Skills:
 + Level 2.4 Fighting
 - Level 2.9 Polearms
 - Level 1.7 Throwing
 + Level 1.5 Spellcasting
 + Level 1.5 Transmutations
 + Level 1.0 Poison Magic
 - Level 1.2 Invocations


You had 4 spell levels left.
You knew the following spells:

 Your Spells              Type           Power      Damage    Failure   Level
a - Sting                 Tmut/Pois      20%        1d4       14%         1

Your spell library contained the following spells:

 Spells                   Type           Power      Damage    Failure   Level
 Ignite Poison            Fire/Tmut/Pois 3%         N/A       45%         3


Dungeon Overview and Level Annotations

Branches:
Dungeon (2/15)

Altars:


Innate Abilities, Weirdness & Mutations

You have large cloven feet.
You have a somewhat thin skeletal structure. (Dex +2, Stealth+)


Message History

The iguana is moderately wounded.
The iguana bites you!
You closely miss the iguana.
The iguana is moderately wounded.
The iguana closely misses you.
You hit the iguana but do no damage.
The iguana is moderately wounded.
The iguana bites you.
You closely miss the iguana.
The iguana is moderately wounded.
The iguana bites you!
* * * LOW HITPOINT WARNING * * *
You are too injured to fight recklessly!
You are too injured to fight recklessly!
Sorry, you're not good enough to have a special ability.
Casting: Sting (safe; 14% risk of failure)
Confirm with . or Enter, or press ? or * to list all spells.
Aiming: Sting (safe; 14% risk of failure)
Press: ? - help, Shift-Dir - straight line, f/p - iguana
Aim: an iguana (lightly wounded, 72% to hit)
The sting hits the iguana but does no damage.
The iguana is poisoned.
The iguana is lightly wounded.
The iguana bites you but does no damage.
Casting: Sting (safe; 14% risk of failure)
Confirm with . or Enter, or press ? or * to list all spells.
Aiming: Sting (safe; 14% risk of failure)
Press: ? - help, Shift-Dir - straight line, f/p - iguana
Aim: an iguana (lightly wounded, poisoned, 72% to hit)
The sting hits the iguana.
The iguana looks even sicker.
The iguana is moderately wounded.
The iguana bites you.
* * * LOW HITPOINT WARNING * * *
You aren't carrying any potions.
Okay, then.
You see here a scroll labelled JUNWOFAAFI.
You hit the iguana.
The iguana is severely wounded.
The iguana bites you.
You die...

.......†.......
..####........#
.####..##....### ......##
#.#...# #
......####..##.### .##
..............>..###..####
......##..................
......##.........?........
.........†......@l#######.
..(...#..........<###
....................#
.........###.........#
......##.............#
###########............
#.............
#..........#..
...........#


You could see an iguana (very poisoned).

Vanquished Creatures
  A worm (D:2)
  4 endoplasms
  A giant cockroach (D:1)
  2 goblins (D:1)
  2 hobgoblins (D:1)
  4 jackals (D:1)
  3 kobolds
  A quokka (D:2)
  6 ball pythons
  3 bats
  3 rats
30 creatures vanquished.

Notes
Turn   | Place    | Note
-------+----------+-------------------------------------------
     0 | D:1      | testman the Demonspawn Wanderer began the quest for the
                  | Orb.
     0 | D:1      | testman set off with the following items: a +2 spear, 9
                  | boomerangs, a +0 dagger, a scroll of silence, a +0 robe;
                  | and the following spell memorised: Sting; and the following
                  | spells available to memorise: Ignite Poison.
     0 | D:1      | Reached XP level 1. HP: 16/16 MP: 2/2
   143 | D:1      | Gained mutation: You have large cloven feet. [demonic
                  | ancestry]
   143 | D:1      | Reached XP level 2. HP: 18/22 MP: 3/3
   722 | D:2      | Gained mutation: You have a somewhat thin skeletal
                  | structure. (Dex +2, Stealth+) [demonic ancestry]
   722 | D:2      | Reached XP level 3. HP: 28/28 MP: 5/5
   732 | D:2      | Reached skill level 1 in Poison Magic
   793 | D:2      | Slain by an iguana

Illustrated notes

Levels and vault maps discovered:
D:1:      ncdulo_lavacross, layout_loops_ring, hangedman_decor_push,
          corner_web_ring
D:2:      layout_rooms

Skill      XL: |  1  2  3 |
---------------+----------+-----
Poison Magic   | 1 |  1.0
Fighting       | |  2.4
Polearms       | |  2.9
Throwing       | |  1.7
Spellcasting   | |  1.5
Transmutations | |  1.5
Invocations    | |  1.2

Action                   || total
-------------------------++-------
Melee: Spear             ||    90
       Kick              ||    13
       Punch             ||     3
 Cast: Sting             ||     2
 Stab: Sleeping          ||     4
       Distracted        ||     1
Armor: Robe              ||    10
Dodge: Dodged            ||    29

Table legend: (Time is in decaauts)
 A = Elapsed time spent in this place.
 B = Non-inter-level travel time spent in this place.
 C = Inter-level travel time spent in this place.
 D = Time resting spent in this place.
 E = Time spent auto-exploring this place.
 F = Levels seen in this place.
 G = Mean time per level.
                   A        B        C        D        E       F      G
               +--------+--------+--------+--------+--------+-----+--------+
         Total |    788 |    760 |     28 |      0 |    589 |   2 |  394.0 |
       Dungeon |    788 |    760 |     28 |      0 |    589 |   2 |  394.0 |
               +--------+--------+--------+--------+--------+-----+--------+

Top non-repeatable levels by time:
     D:1: 665 daAuts
     D:2: 123 daAuts
